 Dungeon Crawl Stone Soup version 0.30.1-4-g462c640d31 (webtiles) character file.

Game seed: 3220571430967620189

64 monsoonserge the Trooper (level 3, -6/29 HPs)
             Began as a Demonspawn Monk on Sept 12, 2023.
             Blown up by Ijyb (14 damage)
             ... with a mindburst bolt
             ... on level 2 of the Dungeon.
             The game lasted 00:02:59 (1427 turns).

monsoonserge the Trooper (Demonspawn Monk)          Turns: 1427, Time: 00:03:00

Health: -6/29      AC:  8    Str: 11    XL:     3   Next: 91%
Magic:  3/3        EV: 11    Int: 13    God:
Gold:   134        SH:  0    Dex: 15    Spells: 2/2 levels left

rFire   . . .        a - +0 falchion
rCold   . . .        d - orb {light}
rNeg    . . .        g - +0 ring mail
rPois   .            (no helmet)
rElec   .            (no cloak)
rCorr   .            p - +0 pair of gloves
SInv    .            (no boots)
Will    .....        (no amulet)
Stlth   +            (no ring)
HPRegen 0.24/turn    (no ring)
MPRegen 0.08/turn

%: no passive effects
@: glowing
A: yellow scales 1
a: no special abilities


You were on level 2 of the Dungeon.
You visited 1 branch of the dungeon, and saw 3 of its levels.

You collected 134 gold pieces.

Inventory:

Hand Weapons
 a - a +0 falchion (weapon)
 f - a +0 short sword
 o - a +0 sling
Armour
 b - a +0 robe
 d - an orb of light (worn)
 g - a +0 ring mail (worn)
 l - an orb of mayhem
 p - a +0 pair of gloves (worn)
Scrolls
 e - a scroll of poison {unknown}
 h - 4 scrolls of identify {unknown}
 i - a scroll of silence {unknown}
 m - a scroll of teleportation {unknown}
Potions
 c - a potion of ambrosia
 j - a potion of haste {unknown}
 k - a potion of might {unknown}
 n - a potion of curing {unknown}
 q - a potion of brilliance {unknown}
 r - a potion of invisibility {unknown}


   Skills:
 + Level 3.5 Fighting
 + Level 3.3 Long Blades
 + Level 0.3 Armour
 + Level 3.3 Dodging


You had 2 spell levels left.
You didn't know any spells.
Your spell library contained the following spells:

 Spells                   Type           Power      Damage    Failure   Level
 Animate Armour           Summ/Erth      0%         N/A       100%        4
 Blade Hands              Tmut           0%         N/A       100%        5
 Iron Shot                Conj/Erth      0%         9d1       100%        6


Dungeon Overview and Level Annotations

Branches:
Dungeon (3/15)

Altars:

Annotations:
D:2 Ijyb
D:3 Robin


Innate Abilities, Weirdness & Mutations

You are partially covered in yellow scales. (AC +2)


Message History

There is a stone staircase leading down here.
You hit Ijyb.
Ijyb is lightly wounded.
Ijyb hits you with a +0 club. Ijyb hits you but does no damage.
You closely miss Ijyb.
Ijyb is lightly wounded.
Ijyb barely misses you.
You hit Ijyb but do no damage.
Ijyb is lightly wounded.
Ijyb hits you but does no damage.
You hit Ijyb.
Ijyb is moderately wounded.
Ijyb grins evilly.
Ijyb hits you but does no damage.
You barely miss Ijyb.
Ijyb is moderately wounded.
Ijyb barely misses you.
You hit Ijyb.
Ijyb is moderately wounded.
Ijyb screams, "Get away!"
Ijyb closely misses you.
You hit Ijyb but do no damage.
Ijyb is moderately wounded.
Ijyb zaps a wand.
Your mind is blasted!
You hit Ijyb.
Ijyb is heavily wounded.
Ijyb hits you with a +0 club!
You barely miss Ijyb.
Ijyb is heavily wounded.
Ijyb hits you with a +0 club.
* * * LOW HITPOINT WARNING * * *
Ijyb completely misses you.
You aren't carrying any items that you can evoke.
You hit Ijyb.
Ijyb is severely wounded.
Ijyb barely misses you.
You hit Ijyb.
Ijyb is almost dead.
Ijyb no longer looks unusually strong.
Ijyb zaps a wand.
Your mind is blasted!
You die...

##########..##.# #.#
#..##.#####.#
#..##.....>.#
#..########.# #..# #.#
####### #..# #.#
##.....# ##.# #.#
##.....#####.########.#
##.............g@.....#
......>.####.##########
##......# #.# #########
#.# # #.# # #.#
############.#
.............#
##############


You could see Ijyb.

Vanquished Creatures
  2 adders (D:2)
  A dart slug (D:1)
  3 endoplasms
  4 goblins
  4 hobgoblins
  5 jackals (D:2)
  3 kobolds
  2 quokkas
  4 ball pythons
  5 bats
  5 frilled lizards
  2 rats (D:1)
40 creatures vanquished.

Notes
Turn   | Place    | Note
-------+----------+-------------------------------------------
     0 | D:1      | monsoonserge the Demonspawn Monk began the quest for the
                  | Orb.
     0 | D:1      | Reached XP level 1. HP: 18/18 MP: 1/1
    87 | D:1      | Gained mutation: You are partially covered in yellow
                  | scales. (AC +2) [demonic ancestry]
    87 | D:1      | Reached XP level 2. HP: 19/24 MP: 2/2
   815 | D:2      | Reached XP level 3. HP: 29/29 MP: 3/3
   949 | D:2      | Identified the +0 robe of Xehih {rElec Int+3 Dex+3}
  1410 | D:3      | Noticed Ijyb
  1410 | D:3      | Noticed Robin
  1427 | D:2      | Blown up by Ijyb

Illustrated notes

Levels and vault maps discovered:
D:1:      co_arrival_random_square_maze, layout_loops_ring
D:2:      layout_loops_ring
D:3:      kennysheep_slugbush, layout_basic, roderic_serpentine_path,
          nicolae_goblin_pals, uniq_ijyb, uniq_natasha

Skill      XL: |  1  2 |
---------------+-------+-----
Long Blades    | 3 |  3.3
Dodging        | 3 |  3.3
Fighting       | |  3.5
Armour         | |  0.3

Action                     || total
---------------------------++-------
  Melee: Falchion          ||   113
 Armour: Robe              ||     6
         Ring mail         ||    39
  Dodge: Dodged            ||    81
